 Dungeon Crawl Stone Soup version 0.22-a0-565-gfc6459a524 (webtiles) character file.

56 PikkenKukken the Skirmisher (level 3, -4/29 HPs)
             Began as a Demonspawn Fighter on June 28, 2018.
             Splashed by Ijyb's acid (15 damage)
             ... on level 3 of the Dungeon.
             The game lasted 00:03:39 (1697 turns).

PikkenKukken the Skirmisher (Demonspawn Fighter)    Turns: 1697, Time: 00:03:40

Health: -4/29      AC:  4    Str: 16    XL:     3   Next: 69%
Magic:  3/3        EV:  9    Int:  9    God:
Gold:   58         SH:  0    Dex: 13    Spells: 2/2 levels left

rFire    . . .     SeeInvis .   a - +0 war axe
rCold    . . .     Gourm    .   (no shield)
rNeg     . . .     Faith    .   e - +0 scale mail
rPois    .         Spirit   .   (no helmet)
rElec    .         Reflect  .   (no cloak)
rCorr    .         Harm     .   (no gloves)
MR       .....                  (no boots)
Stlth    +.........             (no amulet)
HPRegen  0.09/turn              i - ring of stealth
MPRegen  0.08/turn              (no ring)

@: corroded
A: molten scales 1
a: no special abilities


You were on level 3 of the Dungeon.
You were not hungry.

You visited 1 branch of the dungeon, and saw 3 of its levels.

You collected 58 gold pieces.

Inventory:

Hand Weapons
 a - a +0 war axe (weapon)
Missiles
 h - 60 arrows
Armour
 e - a +0 scale mail (worn)
Jewellery
 i - a ring of stealth (left hand)
Potions
 b - a potion of cancellation {unknown}
 c - 2 potions of heal wounds
 d - a potion of might
 g - a potion of flight {unknown}
 l - a potion of resistance {unknown}
 n - a potion of mutation {unknown}
Comestibles
 f - 3 rations
 j - a chunk of flesh


   Skills:
 + Level 3.5 Fighting
 + Level 2.5 Axes
 + Level 3.3 Armour
   Level 2.8 Shields


You had 2 spell levels left.
You didn't know any spells.
Your spell library was empty.

Dungeon Overview and Level Annotations

Branches:
Dungeon (3/15)

Altars:

Annotations:
D:3 Ijyb


Innate Abilities, Weirdness & Mutations

You are partially covered in molten scales. (AC +2)


Message History

Drop what? 12/52 slots (_ for help) (? for menu, Esc to quit)
You drop a +0 scale mail.
You see here a flail.
Found a stone staircase leading down.
Some of the chunks of flesh in your inventory have rotted away.
There is a stone staircase leading down here.
Some of the chunks of flesh in your inventory have rotted away.
Eating one of 2 chunks of flesh.
You eat one of the 2 chunks of flesh.
This raw flesh tastes terrible.
Found a stone staircase leading up.
Found a stone staircase leading up.
No target in view!
b - a purple potion Ijyb the Twisted Goblin comes into view.
Ijyb shouts!
Ijyb zaps a wand.
The bolt of acid hits you!
Ouch! That really hurt!
The acid corrodes you!
You are splashed with acid!
The acid burns!
Ouch! That really hurt!
You die...

.. #. ##. ####
.. ...# #.
#..# #.##..#.#
#...@g..# #
##.##.###
#<##.##.#
#.......#
####.####
############.#
#............#
#.##.#.#######
###......#


You could see Ijyb.

Vanquished Creatures
  An adder (D:2)
  4 leopard geckos
  3 orcs
  6 ball pythons
  8 bats
  A giant cockroach (D:3)
  4 hobgoblins
  5 kobolds
  A quokka (D:2)
  2 frilled lizards
  6 rats
41 creatures vanquished.

Notes
Turn   | Place    | Note
-------+----------+-------------------------------------------
     0 | D:1      | PikkenKukken the Demonspawn Fighter began the quest for the Orb.
     0 | D:1      | Reached XP level 1. HP: 18/18 MP: 1/1
   113 | D:1      | Gained mutation: You are partially covered in molten scales. (AC +2) [demonic ancestry]
   113 | D:1      | Reached XP level 2. HP: 19/24 MP: 2/2
  1244 | D:2      | Reached XP level 3. HP: 29/29 MP: 3/3
  1695 | D:3      | Noticed Ijyb
  1697 | D:3      | Splashed by Ijyb's acid

Vault maps used:
D:1:      dpeg_arrival_rooms_a
D:2:      minmay_kobold_bridge, minmay_shallow_snake_nest
D:3:      uniq_ijyb, uniq_terence

Skill      XL: |  1  2 |
---------------+-------+-----
Axes           | 2 |  2.5
Armour         | 3 |  3.3
Fighting       | |  3.5
Shields        | |  2.8

Action                   || total
-------------------------++-------
Melee: War axe           ||   111
  Use: Scroll            ||     7
  Eat: Chunk             ||     3
Armor: Scale mail        ||    62
Dodge: Dodged            ||    62
Block: Shield            ||    21

Table legend:
 A = Spawn XP
 B = Non-spawn XP
 C = Spawn XP percentage of total XP
 D = Spawn monster count
 E = Non-spawn monster count
 F = Spawn count percentage of total count
 G = Total turns spent on level
                    A         B        C        D         E        F      G
               +---------+---------+-------+---------+---------+-------+---------
         Total |       0 |      80 |   0.0 |       0 |      41 |   0.0 |  1697
               +---------+---------+-------+---------+---------+-------+---------
           D:1 |       0 |      32 |   0.0 |       0 |      21 |   0.0 |   683
           D:2 |       0 |      35 |   0.0 |       0 |      14 |   0.0 |   732
           D:3 |       0 |      13 |   0.0 |       0 |       6 |   0.0 |   282
               +---------+---------+-------+---------+---------+-------+---------
